 Dungeon Crawl Stone Soup version 0.26.1-11-gd32895ea62 (webtiles) character file.

Game seed: 6964322815756877987

77 GenialerGandalf the Skirmisher (level 4, -5/41 HPs)
             Began as a Hill Orc Fighter on Apr 21, 2021.
             Was an Initiate of Beogh.
             Killed from afar by an orc wizard (9 damage)
             ... with a magic dart
             ... on level 3 of the Dungeon.
             The game lasted 00:08:04 (2101 turns).

GenialerGandalf the Skirmisher (Hill Orc Fighter)   Turns: 2101, Time: 00:08:04

Health: -5/41      AC:  7    Str: 19    XL:     4   Next: 33%
Magic:  4/4        EV:  7    Int:  8    God:    Beogh [......]
Gold:   127        SH:  0    Dex: 10    Spells: 3/3 levels left

rFire    . . .     SeeInvis .   a - +0 war axe
rCold    + . .     Faith    .   c - +0 kite shield
rNeg     . . .     Spirit   .   b - +0 scale mail
rPois    .         Reflect  .   (no helmet)
rElec    .         Harm     .   (no cloak)
rCorr    .         Rampage  .   (no gloves)
Will     .....                  (no boots)
Stlth    ..........             (no amulet)
HPRegen  0.13/turn              i - ring of protection from cold
MPRegen  0.09/turn              (no ring)

@: confused
A: no striking features
a: Renounce Religion


You were on level 3 of the Dungeon.
You worshipped Beogh.
Beogh was noncommittal.
You visited 1 branch of the dungeon, and saw 3 of its levels.

You collected 127 gold pieces.

Inventory:

Hand Weapons
 a - a +0 war axe (weapon)
Armour
 b - a +0 scale mail (worn)
 c - a +0 kite shield (worn)
Jewellery
 i - a ring of protection from cold (left hand)
Scrolls
 f - a scroll of enchant armour {unknown}
 h - 3 scrolls of identify
 k - 2 scrolls of remove curse {unknown}
Potions
 d - a potion of might
 e - 2 potions of lignification
 g - a potion of berserk rage {unknown}
 j - a potion of attraction {unknown}
 l - 2 potions of haste {unknown}
 m - a potion of curing {unknown}
 n - a potion of brilliance {unknown}


   Skills:
 + Level 4.5 Fighting
 + Level 3.7 Axes
 + Level 3.8 Armour
 + Level 0.4 Dodging
 + Level 0.1 Stealth
 + Level 3.7 Shields


You had 3 spell levels left.
You didn't know any spells.
Your spell library contained the following spells:

 Spells                   Type           Power        Failure   Level
 Magic Dart               Conj           0%           99%         1
 Blink                    Tloc           N/A          100%        2
 Call Imp                 Summ           0%           100%        2
 Slow                     Hex            0%           100%        2
 Conjure Flame            Conj/Fire      0%           100%        3
 Mephitic Cloud           Conj/Pois/Air  0%           100%        3


Dungeon Overview and Level Annotations

Branches:
Dungeon (3/15)

Altars:
Elyvilon
Hepliaklqana
Kikubaaqudgha
Makhleb
Nemelex Xobeh
Okawaru
Qazlal
Uskayaw
Wu Jian


Message History

You miss something. You hit the worm. The worm completely misses you.
Something hits you but does no damage.
You closely miss something. You hit the worm.
You hear some strange, mumbled words.
A magic dart appears from out of thin air!
The magic dart hits you!
* * * LOW HITPOINT WARNING * * *
The worm bites you but does no damage.
You hear some strange, mumbled words.
Something tries to affect you, but you resist.
Found a scroll labelled PEURGH YM LOBETZUWN.
Something misses the goblin.
There are monsters nearby!
There are monsters nearby!
There are monsters nearby!
You hear some strange, mumbled words.
A magic dart appears from out of thin air!
The magic dart hits you!
You die...
Beogh appreciates something's killing of a heretic priest.

.... .. # #.. #.# #.#.
#.# ..## #....####g##
##.... ..##
...........###..# ...#
###.##wg#o....# ##....
#...#..)..## #...##
#.{.).###..####..#
#..@### ##....#..# #
#......# ####...# #
..........#
####...####
...#.#.....?
#......>... ..
#.#...###....##..##...
. #.#...#
........#...#. # ###..
##...#.##.##.. #.# #.#
#. #.##.# # #. ......


You could see a worm, a hobgoblin, a goblin and a neutral orc priest
(wandering).

Vanquished Creatures
  A hound (D:2)
  An adder (D:2)
  An ooze (D:1)
  A dart slug (D:1)
  An orc (D:3)
  A ball python (D:1)
  3 bats
  2 giant cockroaches (D:1)
  9 goblins
  A hobgoblin (D:1)
  3 kobolds
  A quokka (D:2)
  A frilled lizard (D:1)
  3 rats
29 creatures vanquished.

Vanquished Creatures (others)
  A goblin (D:3)
1 creature vanquished.

Grand Total: 30 creatures vanquished

Notes
Turn   | Place    | Note
-------+----------+-------------------------------------------
     0 | D:1      | GenialerGandalf the Hill Orc Fighter began the quest for
                  | the Orb.
     0 | D:1      | Reached XP level 1. HP: 19/19 MP: 1/1
   314 | D:1      | Reached XP level 2. HP: 27/27 MP: 2/2
   433 | D:1      | Reached skill level 4 in Fighting
   852 | D:1      | Reached XP level 3. HP: 34/34 MP: 3/3
  1648 | D:2      | Found a stormy altar of Qazlal.
  1665 | D:2      | Found a white marble altar of Elyvilon.
  1774 | D:2      | Found a burning altar of Makhleb.
  1786 | D:2      | Reached XP level 4. HP: 38/41 MP: 4/4
  1791 | D:2      | Found an ancient bone altar of Kikubaaqudgha.
  1791 | D:2      | Found a sparkling altar of Nemelex Xobeh.
  1791 | D:2      | Found an iron altar of Okawaru.
  1791 | D:2      | Found an ornate altar of the Wu Jian Council.
  1800 | D:2      | Found a hazy altar of Hepliaklqana.
  1800 | D:2      | Found a hide-covered altar of Uskayaw.
  2072 | D:3      | Became a worshipper of Beogh the Brigand
  2101 | D:3      | Killed from afar by an orc wizard

Illustrated notes

Levels and vault maps discovered:
D:1:      roderic_crossed_star, layout_loops_corners, minmay_misc_feat_chi
D:2:      layout_rooms, old_standard_altar, minmay_overflow_temple_hex,
          general_overflow_altar, makhleb_heckhound_becter
D:3:      layout_rooms, chequers_ecumenical_altar_simple, hangedman_decor_push

Skill      XL: |  1  2  3 |
---------------+----------+-----
Fighting       | 4 |  4.5
Axes           | 3 |  3.7
Armour         | |  3.8
Dodging        | |  0.4
Stealth        | |  0.1
Shields        | |  3.7

Action                   |  1- 3 |  4- 6 || total
-------------------------+-------+-------++-------
Melee: War axe           |    84 |    22 ||   106
Invok: Convert to Beogh  |       |     1 ||     1
  Use: Scroll            |     2 |       ||     2
Armor: Scale mail        |    67 |    12 ||    79
Dodge: Dodged            |    29 |     6 ||    35
Block: Kite shield       |    60 |     7 ||    67
